 Dungeon Crawl Stone Soup version 0.30-a0-824-g6c64550be9 (webtiles) character file.

Game seed: 14021200080644685134

757 Hubjo the Magician (level 7, -1/70 HPs)
             Began as a Demonspawn Fire Elementalist on Feb 6, 2023.
             Was a Follower of Sif Muna.
             Slain by an orc warrior
             ... wielding a +0 war axe
              (7 damage)
             ... on level 4 of the Dungeon on Feb 27, 2023.
             The game lasted 00:11:18 (6093 turns).

Hubjo the Magician (Demonspawn Fire Elementalist)   Turns: 6093, Time: 00:11:18

Health: -1/70      AC: 23    Str:  7 (8)  XL:     7   Next: 50%
Magic:  0/14       EV:  2    Int: 17      God:    Sif Muna [*.....]
Gold:   241        SH:  0    Dex: 13 (15) Spells: 10/15 levels left

rFire   + . .      SeeInvis .    o - +2 short sword (venom)
rCold   + . .      Faith    .    (no shield)
rNeg    . . .      Spirit   +    (body armour currently unavailable)
rPois   +          Reflect  .    (helmet currently unavailable)
rElec   .          Harm     .    (cloak currently unavailable)
rCorr   .          Rampage  .    (gloves currently unavailable)
Will    .....      NoTele   +    (boots currently unavailable)
Stlth   ++                       w - amulet of guardian spirit
HPRegen 0.31/turn                r - ring of protection from fire
MPRegen 0.14/turn                t - ring of protection from cold

@: mighty, brilliant, tree-form (expiring)
A: stationary, stasis, torment immunity, boosted hp, repulsion field 2, demonic
magic 1, (weakness stinger 1), (talons 1), frail 1, (poison resistance), (cold
vulnerability 1)
a: Renounce Religion, Channel Magic


You were on level 4 of the Dungeon.
You worshipped Sif Muna.
Sif Muna was aware of your devotion.
You were a tree.
You visited 1 branch of the dungeon, and saw 4 of its levels.

You collected 241 gold pieces.

Inventory:

Hand Weapons
 d - a +1 dagger of speed
 o - a +2 short sword of venom (weapon)
Armour
 a - a +0 robe (melded)
 m - a +1 hat (melded)
 x - the +0 ring mail of the Boiling Point {rF++ Dex-4}
   (You found it on level 4 of the Dungeon)

   Dex:       It affects your dexterity (-4).
   rF:        It greatly protects you from fire.
Jewellery
 r - a ring of protection from fire (left branch)
 t - a ring of protection from cold (right branch)
 w - an amulet of guardian spirit (around neck)
 y - a ring of flight
Wands
 q - a wand of flame (3)
 z - a wand of roots (9)
Scrolls
 e - 2 scrolls of magic mapping
 k - a scroll of silence
 l - a scroll of poison
 p - a scroll of enchant armour
 v - a scroll of fog
Potions
 f - a potion of lignification
 n - a potion of haste


   Skills:
 + Level 3.8 Fighting
 - Level 1.7 Dodging
 + Level 4.0 Stealth
 * Level 4.7 Spellcasting
 - Level 1.9 Conjurations
 + Level 4.2 Fire Magic


You had 10 spell levels left.
You knew the following spells:

 Your Spells              Type           Power      Damage    Failure   Level
a - Foxfire               Conj/Fire      84%        2x1d8     4%          1
b - Flame Wave            Conj/Fire      21%        2d8       38%         4

Your spell library contained the following spells:

 Spells                   Type           Power      Damage    Failure   Level
 Scorch                   Fire           54%        2d8       3%          2
 Magic Dart               Conj           60%        1d6       7%          1
 Searing Ray              Conj           30%        2d5       11%         2
 Inner Flame              Hex/Fire       16%        N/A       19%         3
 Kindle Blastsparks       Fire/Tloc/Air  26%        2d12      24%         3
 Fulminant Prism          Conj/Hex       5%         3d6       69%         4
 Airstrike                Air            3%         2d(1-17)  82%         4
 Summon Cactus Giant      Summ           3%         N/A       100%        6
 Summon Hydra             Summ           3%         N/A       100%        7


Dungeon Overview and Level Annotations

Branches:
Dungeon (4/15)
 Temple: D:4-7

Altars:
Sif Muna
Xom


Innate Abilities, Weirdness & Mutations

You are a tree.
Your roots penetrate the ground, keeping you stationary.
You cannot be teleported.
You are immune to unholy pain and torment.
Your maximum health is greatly increased.
Your equipment is partially melded.
You are surrounded by a moderate repulsion field. (EV +3)
Spells you cast may paralyse adjacent enemies.
((You have a small tail.))
((You have sharp toenails.))
You are frail. (-10% HP)
((Your system is resistant to poisons. (rPois)))
((You are vulnerable to cold. (rC-)))


Message History

Casting: Foxfire (safe; 4% risk of failure)
Confirm with . or Enter, or press ? or * to list all spells.
You feel a surge of power!
You conjure some foxfire!
Malevolent energies surge around you.
You feel extremely strange. The horns on your head shrink away.
You feel frail.
You feel resistant to poisons.
You feel vulnerable to cold.
Your toenails lengthen and sharpen.
The foxfire hits the orc warrior but does no damage.
The orc warrior is lightly wounded.
The foxfire hits the orc warrior but does no damage.
The orc warrior is lightly wounded.
Aiming: Throw Flame
Press: ? - help, Shift-Dir - straight line, f - orc warrior
Aim: an orc warrior, wielding a +0 war axe and wearing the +0 plate armour "Amumon" {Dex+5 Stlth+} (lightly wounded, 68% to hit)
The puff of flame hits the orc warrior but does no damage.
The orc warrior is lightly wounded.
Aiming: Fastroot
Press: ? - help, Shift-Dir - straight line, f/p - orc warrior
Aim: an orc warrior, wielding a +0 war axe and wearing the +0 plate armour "Amumon" {Dex+5 Stlth+} (lightly wounded)
The roots erupt in riotous growth!
Roots grab the orc warrior.
Your transformation is almost over.
The grasping roots constrict the orc warrior, but do no damage.
You hear a shout! x3
The orc warrior struggles to escape constriction.
Aiming: Throw Flame
Press: ? - help, Shift-Dir - straight line, f/p - orc warrior
Aim: an orc warrior, wielding a +0 war axe and wearing the +0 plate armour "Amumon" {Dex+5 Stlth+} (lightly wounded, constricted by roots, 100% to hit)
The puff of flame hits the orc warrior.
The orc warrior is lightly wounded.
The grasping roots constrict the orc warrior, but do no damage.
The roots release their grip on the orc warrior.
Aiming: Throw Flame
Press: ? - help, Shift-Dir - straight line, f/p - orc warrior
Aim: an orc warrior, wielding a +0 war axe and wearing the +0 plate armour "Amumon" {Dex+5 Stlth+} (lightly wounded, 68% to hit)
The puff of flame hits the orc warrior!
The orc warrior is heavily wounded.
The orc warrior hits you with a +0 war axe!
You die...

....................>......#
.....###########.....#####.#
###### #.....# #.# #
#.....#####.# #####
########.....##.##.# ....#
#............##.##.# ....#
#.........##.##.##.# ....#
#.........##....##.# <####
#.......♣o##.##.##.# ##
###...........##.##.##
#..)..#######.##.....#
########.#########8..####...#
......#...#8.....#...# #...#
#####.##.##..##..#...# #...#
.<# #.##.# ..8#o.#...# #...#
.## #..).# ..##..#...# #...#
.# ###### ....#.#...# #####


You could see an orc warrior.

Vanquished Creatures
  The ghost of DrKenneth the Trooper, an amateur MiFi (D:4)
  A black bear (D:4)
  A scorpion (D:4)
  2 orc priests
  Jessica (D:3)
  An iguana (D:4)
  3 orc wizards
  Natasha (thrice) (D:4)
  3 adders
  3 dart slugs
  18 orcs
  10 ball pythons
  4 endoplasms
  3 giant cockroaches
  2 goblins
  5 hobgoblins
  7 jackals
  4 kobolds
  3 quokkas
  7 bats
  A frilled lizard (D:3)
  3 rats
86 creatures vanquished.

Vanquished Creatures (others)
  416 foxfires
  4 fungi (D:2)
  4 plants (D:2)
424 creatures vanquished.

Grand Total: 510 creatures vanquished

Notes
Turn   | Place    | Note
-------+----------+-------------------------------------------
     0 | D:1      | Hubjo the Demonspawn Fire Elementalist began the quest for
                  | the Orb.
     0 | D:1      | Reached XP level 1. HP: 13/13 MP: 3/3
   324 | D:1      | Gained mutation: You have a small tail. [demonic ancestry]
   324 | D:1      | Reached XP level 2. HP: 20/20 MP: 0/5
   454 | D:1      | Upgraded the game from 0.30-a0-743-gbfdf073431 to
                  | 0.30-a0-824-g6c64550be9
   465 | D:1      | Reached skill level 1 in Fighting
  1777 | D:2      | Gained mutation: You are surrounded by a mild repulsion
                  | field. (EV +2) [demonic ancestry]
  1777 | D:2      | Reached XP level 3. HP: 26/26 MP: 1/6
  2189 | D:2      | Found a shimmering altar of Xom.
  2637 | D:2      | Found a faded altar of an unknown god.
  3088 | D:3      | Reached XP level 4. HP: 33/33 MP: 2/7
  3425 | D:3      | Found a shimmering blue altar of Sif Muna.
  3889 | D:3      | Got the Codex of Lightning and Attendants
  3904 | D:3      | Learned a level 4 spell: Flame Wave
  3956 | D:3      | Became a worshipper of Sif Muna the Loreminder
  4071 | D:3      | Noticed Jessica
  4076 | D:3      | Killed Jessica
  4077 | D:3      | Gained mutation: You are surrounded by a moderate repulsion
                  | field. (EV +3) [demonic ancestry]
  4077 | D:3      | Reached XP level 5. HP: 39/39 MP: 4/9
  4703 | D:4      | Found a runed translucent gate.
  4703 | D:4      | Found a runed translucent gate.
  4703 | D:4      | Found a runed translucent gate.
  4705 | D:4      | Identified the +0 leather armour of the First Persimmons
                  | {Harm Regen+ Str+2}
  4706 | D:4      | Identified the +0 plate armour "Amumon" {Dex+5 Stlth+}
  4706 | D:4      | Noticed an orc warrior
  4707 | D:4      | Noticed DrKenneth's ghost (amateur MiFi)
  4719 | D:4      | Noticed a black bear
  4721 | D:4      | Noticed Natasha
  4731 | D:4      | Killed a black bear
  4732 | D:4      | Reached XP level 6. HP: 28/47 MP: 0/11
  4821 | D:4      | Killed Natasha
  5156 | D:4      | Reached * piety under Sif Muna
  5408 | D:4      | Identified the +0 ring mail of the Boiling Point {rF++
                  | Dex-4}
  5694 | D:4      | Noticed Natasha
  5701 | D:4      | Killed Natasha
  5774 | D:4      | Noticed Natasha
  5783 | D:4      | Killed Natasha
  6021 | D:4      | Gained mutation: Spells you cast may paralyse adjacent
                  | enemies. [demonic ancestry]
  6021 | D:4      | Reached XP level 7. HP: 51/52 MP: 6/13
  6072 | D:4      | Gained mutation: You have a pair of small horns on your
                  | head. [potion of mutation]
  6075 | D:4      | HP: 3/78 [DrKenneth's ghost (4)]
  6083 | D:4      | Killed DrKenneth's ghost
  6089 | D:4      | Lost mutation: You have a pair of small horns on your head.
                  | [potion of mutation]
  6089 | D:4      | Gained mutation: You are frail. (-10% HP) [potion of
                  | mutation]
  6089 | D:4      | Gained mutation: Your system is resistant to poisons.
                  | (rPois) [potion of mutation]
  6089 | D:4      | Gained mutation: You are vulnerable to cold. (rC-) [potion
                  | of mutation]
  6089 | D:4      | Gained mutation: You have sharp toenails. [potion of
                  | mutation]
  6093 | D:4      | Slain by an orc warrior

Illustrated notes

Levels and vault maps discovered:
D:1:      tarquinn_simple_flora_water_d, layout_basic
D:2:      layout_loops_corners, shapermc_ecumenical_altar_petra, basic_altar
D:3:      layout_loops_corners, mainiacjoe_overflow_brackets,
          serial_co_window_serial, co_window_of_opportunity_a,
          co_window_corner_a, co_window_corner_a, co_window_paths_b,
          co_window_paths_a, co_window_broadway_b, co_window_2corner,
          co_window_2corner, glass_columns_a, glass_columns_a, uniq_jessica
D:4:      layout_basic, biasface_ghost_orc_armoury, uniq_natasha

Skill      XL: |  1  2  3  4  5  6  7 |
---------------+----------------------+-----
Stealth        | 2 3 4 |  4.0
Fighting       | 1 2 3 |  3.8
Fire Magic     | 3 4 |  4.2
Spellcasting   | 3 4 |  4.7
Dodging        | |  1.7
Conjurations   | |  1.9

Action                     |  1- 3 |  4- 6 |  7- 9 || total
---------------------------+-------+-------+-------++-------
  Melee: Dagger            |    92 |       |       ||    92
         Tailslap          |    21 |     1 |     3 ||    25
         Short sword       |       |    25 |    17 ||    42
         Punch             |       |     1 |       ||     1
   Cast: Foxfire           |   111 |   158 |     7 ||   276
         Flame Wave        |       |     1 |     1 ||     2
  Evoke: Wand              |       |       |    12 ||    12
    Use: Scroll            |     2 |     8 |     2 ||    12
         Potion            |       |       |     9 ||     9
 Armour: Robe              |     6 |     7 |     1 ||    14
         Skin              |       |       |     9 ||     9
  Dodge: Dodged            |    26 |    37 |    14 ||    77

Table legend: (Time is in decaauts)
 A = Elapsed time spent in this place.
 B = Non-inter-level travel time spent in this place.
 C = Inter-level travel time spent in this place.
 D = Time resting spent in this place.
 E = Time spent auto-exploring this place.
 F = Levels seen in this place.
 G = Mean time per level.
                   A        B        C        D        E       F      G
               +--------+--------+--------+--------+--------+-----+--------+
         Total |   6056 |   5919 |    137 |    216 |   4885 |   4 | 1514.0 |
       Dungeon |   6056 |   5919 |    137 |    216 |   4885 |   4 | 1514.0 |
               +--------+--------+--------+--------+--------+-----+--------+

Top non-repeatable levels by time:
     D:3: 1787 daAuts
     D:4: 1545 daAuts
     D:2: 1537 daAuts
     D:1: 1186 daAuts
